 Dungeon Crawl Stone Soup version 0.29.1-1-gd02db6906a (webtiles) character file.

Game seed: 12754852254271958807

149 hawla the Conjurer (level 5, -7/38 HPs)
             Began as a Draconian Conjurer on Sept 20, 2022.
             Mangled by Edmund
             ... wielding a +2 flail of protection
              (12 damage)
             ... on level 4 of the Dungeon on Sept 21, 2022.
             The game lasted 00:12:46 (4228 turns).

hawla the Conjurer (Draconian Conjurer)             Turns: 4228, Time: 00:12:47

Health: -7/38      AC:  5    Str:  9    XL:     5   Next: 9%
Magic:  0/17       EV: 12    Int: 21    God:
Gold:   126        SH:  0    Dex: 15    Spells: 1/8 levels left

rFire   . . .      SeeInvis .   t - staff of earth
rCold   . . .      Faith    .   (no shield)
rNeg    . . .      Spirit   .   (body armour unavailable)
rPois   .          Reflect  .   (helmet restricted)
rElec   .          Harm     .   (no cloak)
rCorr   .          Rampage  .   (no gloves)
Will    .....                   (no boots)
Stlth   ++........              (no amulet)
HPRegen 0.12/turn               m - ring of magical power
MPRegen 0.15/turn               q - +6 ring of dexterity

@: no status effects
A: AC +5, unfitting armour, cold-blooded
a: no special abilities


You were on level 4 of the Dungeon.
You visited 1 branch of the dungeon, and saw 4 of its levels.

You collected 231 gold pieces.
You spent 105 gold pieces at shops.

Inventory:

Missiles
 o - 5 silver boomerangs (quivered)
 u - a throwing net
Magical Staves
 t - a staff of earth (weapon)
Jewellery
 b - a ring of protection from cold
 d - a ring of willpower
 m - a ring of magical power (left hand)
 q - a +6 ring of dexterity (right hand)
 s - a ring of protection from fire
Wands
 r - a wand of charming (9)
Scrolls
 f - a scroll of blinking {unknown}
 g - a scroll of torment
 h - a scroll of immolation {unknown}
 i - a scroll of enchant weapon {unknown}
 j - a scroll of teleportation {unknown}
 k - a scroll of vulnerability {unknown}
 l - 2 scrolls of magic mapping
 v - a scroll of fear {unknown}
 w - a scroll of fog {unknown}
Potions
 a - 3 potions of invisibility
 c - a potion of cancellation
 n - 2 potions of curing {unknown}
 p - a potion of degeneration {unknown}


   Skills:
 - Level 0.3 Fighting
 - Level 1.9 Dodging
 - Level 2.0 Stealth
 - Level 2.4 Spellcasting
 * Level 5.8 Conjurations
 * Level 1.1 Translocations


You had one spell level left.
You knew the following spells:

 Your Spells              Type           Power      Damage    Failure   Level
a - Magic Dart            Conj           100%       1d8       1%          1
b - Searing Ray           Conj           54%        2d6       1%          2
c - Iskenderun's Mystic   Conj/Tloc      17%        2d5       32%         4

Your spell library contained the following spells:

 Spells                   Type           Power      Damage    Failure   Level
 Dazzling Flash           Conj/Hex       28%        N/A       13%         3
 Fulminant Prism          Conj/Hex       7%         3d7       38%         4


Dungeon Overview and Level Annotations

Branches:
Dungeon (4/15)
 Temple: D:4-7

Altars:
Elyvilon
Sif Muna

Shops:
D:2 ?(:[(

Annotations:
D:4 Edmund


Innate Abilities, Weirdness & Mutations

Your plain brown scales are hard. (AC +5)
You cannot fit into any form of body armour.
You are cold-blooded and may be slowed by cold attacks.


Message History

Aim: Edmund, wielding a +2 flail of protection and wearing a +0 ring mail (lightly wounded, 82% to hit)
The searing ray misses Edmund. (Press . to maintain the ray.)
The searing ray hits Edmund but does no damage.
Edmund is lightly wounded.
The searing ray hits Edmund.
Edmund is lightly wounded.
Edmund barely misses you.
The searing ray hits Edmund.
Edmund is lightly wounded.
You finish channelling your searing ray.
Edmund drinks a potion.
Edmund seems to grow stronger.
Edmund hits you with a +2 flail of protection!
You fade into invisibility!
Edmund barely misses you.
Unknown command.
Casting: Searing Ray (safe; 1% risk of failure)
Confirm with . or Enter, or press ? or * to list all spells.
The spell is extremely dangerous to miscast (32% risk of failure)!
Continue anyway?
You miscast Iskenderun's Mystic Blast.
You are very lightly contaminated with residual magic.
The floor and the ceiling briefly switch places.
You are magically locked in place.
Edmund barely misses you.
You hit Edmund but do no damage.
Edmund is lightly wounded.
Edmund hits you with a +2 flail of protection!
You feel much better.
You are no longer locked in place.
Edmund misses you.
As you read the scroll labelled SOTRAF HUBUUDO, it crumbles to dust.
Your body is wracked with pain!
Edmund convulses!
It was a scroll of torment.
Edmund hits you with a +2 flail of protection!
* * * LOW HITPOINT WARNING * * *
It was a potion of cancellation.
Your magical effects are unravelling.
You feel magically purged.
Your magical contamination has completely faded away.
You flicker back into view.
Edmund hits you with a +2 flail of protection!
You die...

# ..## .. .....#
######... ......#
######........
§≈.≈§..###....#........
.≈.≈.....+.............
≈.....≈..##....@@.......
§≈...≈≈.................
...._..........).........
.≈≈...§≈..###.#..........
.≈....†≈......#.######...
...≈.§........#+# ##!
..≈≈.§§........†.
.................
.#...............


You could see Edmund (strong).

Vanquished Creatures
  An iguana (D:4)
  An adder (D:4)
  A white imp (D:4)
  2 worms (D:4)
  A dart slug (D:2)
  2 orcs
  15 ball pythons
  9 endoplasms
  3 giant cockroaches
  7 goblins
  4 hobgoblins
  15 jackals
  7 kobolds
  2 quokkas
  9 bats
  3 frilled lizards
  4 rats
86 creatures vanquished.

Notes
Turn   | Place    | Note
-------+----------+-------------------------------------------
     0 | D:1      | hawla the Draconian Conjurer began the quest for the Orb.
     0 | D:1      | Reached XP level 1. HP: 14/14 MP: 3/3
   285 | D:1      | Reached XP level 2. HP: 19/20 MP: 0/5
   733 | D:1      | Found a faded altar of an unknown god.
   796 | D:1      | Reached XP level 3. HP: 26/26 MP: 1/6
   923 | D:1      | Learned a level 2 spell: Searing Ray
  1064 | D:1      | You fall into a shaft and drop 1 floor!
  1453 | D:1      | Reached skill level 5 in Conjurations
  1590 | D:2      | Found a white marble altar of Elyvilon.
  1684 | D:2      | Found Lesyfich's Book Boutique.
  1789 | D:2      | Found Plog's Weapon Emporium.
  1929 | D:2      | Identified the +2 tower shield "Laottued" {-Tele Int+3
                  | Dex+6}
  2066 | D:2      | Found Riuheheu's Magic Scroll Emporium.
  2075 | D:2      | Bought a scroll of magic mapping for 105 gold pieces
  2334 | D:2      | Found Xuosm's Antique Weapon Shop.
  2345 | D:2      | Found Cyxta's Armour Shoppe.
  2942 | D:3      | Reached XP level 4. HP: 33/33 MP: 7/7
  2970 | D:3      | Learned a level 4 spell: Iskenderun's Mystic Blast
  3978 | D:4      | Reached skill level 1 in Translocations
  4003 | D:4      | Reached XP level 5. HP: 38/38 MP: 0/8
  4127 | D:4      | Found a shimmering blue altar of Sif Muna.
  4209 | D:4      | Noticed Edmund
  4228 | D:4      | Mangled by Edmund

Illustrated notes

Levels and vault maps discovered:
D:1:      dpeg_arrival_three_same_balls, layout_basic,
          dreamdust_ecumenical_altar_grove, serial_aquarium,
          aquarium_bridge_square [aquarium_subvault_wall,
          aquarium_subvault_window, aquarium_subvault_bridge,
          aquarium_subvault_bridge], aquarium_bridge_long_joined
          [aquarium_subvault_window, aquarium_subvault_balcony,
          aquarium_subvault_wall, aquarium_subvault_bridge,
          aquarium_subvault_balcony, aquarium_subvault_bridge],
          aquarium_window_3, aquarium_window_2, aquarium_window_fake,
          aquarium_view_2a, aquarium_view_2f, aquarium_balcony_1b,
          aquarium_pool_2, minmay_3d_cube
D:2:      layout_loops_ring, serial_shops, nicolae_shop_hallway_plus,
          shop_statue, nicolae_shop_advertising_works
          [nicolae_subvault_shop_adworks], shop, nicolae_shop_behind_doors,
          basic_altar, st_stairs_13
D:3:      layout_basic, chequers_arboretum
D:4:      layout_basic, mainiacjoe_overflow_small_starburst,
          minmay_temple_entry_enclosed_plants, uniq_sigmund, uniq_edmund,
          uniq_robin

Skill      XL: |  1  2  3  4 |
---------------+-------------+-----
Conjurations   | 5 |  5.8
Stealth        | 2 |  2.0
Translocations | 1 |  1.1
Fighting       | |  0.3
Dodging        | |  1.9
Spellcasting   | |  2.4

Action                   |  1- 3 |  4- 6 || total
-------------------------+-------+-------++-------
Melee: Unarmed           |    21 |       ||    21
       Tailslap          |     4 |     1 ||     5
       Staff             |       |    18 ||    18
       Punch             |       |     1 ||     1
 Cast: Magic Dart        |    62 |    30 ||    92
       Searing Ray       |    19 |    10 ||    29
       Iskenderun's Myst |       |    10 ||    10
  Use: Potion            |     2 |     4 ||     6
       Scroll            |     4 |     1 ||     5
Armor: Skin              |    10 |    23 ||    33
Dodge: Dodged            |    23 |    31 ||    54
